 Dungeon Crawl Stone Soup version 0.30.1-9-gdf580d7c3d (webtiles) character file.

Game seed: 2871946424314636066

21 monsoonserge the Ducker (level 2, 0/23 HPs)
             Began as a Merfolk Gladiator on Oct 3, 2023.
             Slain by a jackal (1 damage)
             ... on level 1 of the Dungeon.
             The game lasted 00:01:19 (304 turns).

monsoonserge the Ducker (Merfolk Gladiator)          Turns: 304, Time: 00:01:20

Health: 0/23       AC:  6    Str: 14    XL:     2   Next: 83%
Magic:  2/2        EV: 12    Int:  7    God:
Gold:   19         SH:  0    Dex: 15    Spells: 1/1 levels left

rFire   . . .        i - +2 spear (venom)
rCold   . . .        (no shield)
rNeg    . . .        g - +0 ring mail
rPois   .            c - +0 helmet
rElec   .            (no cloak)
rCorr   .            (no gloves)
SInv    .            (no boots)
Will    .....        (no amulet)
Stlth   +            (no ring)
HPRegen 0.23/turn    (no ring)
MPRegen 0.08/turn

%: no passive effects
@: no status effects
A: (nimble swimmer 2), mertail
a: no special abilities


You were on level 1 of the Dungeon.
You visited 1 branch of the dungeon, and saw 1 of its levels.

You collected 19 gold pieces.

Inventory:

Hand Weapons
 a - a +0 long sword
 i - a +2 spear of venom (weapon)
 j - a +2 dagger of holy wrath
Missiles
 d - 3 throwing nets (quivered)
 e - a javelin
 h - 6 boomerangs
Armour
 b - a +0 leather armour
 c - a +0 helmet (worn)
 g - a +0 ring mail (worn)
Potions
 f - 2 potions of flight {unknown}


   Skills:
 + Level 2.3 Fighting
 - Level 4.0 Long Blades
 + Level 0.3 Polearms
 + Level 2.0 Throwing
 + Level 4.7 Dodging


You had one spell level left.
You didn't know any spells.
Your spell library was empty.

Dungeon Overview and Level Annotations

Branches:
Dungeon (1/15)

Altars:


Innate Abilities, Weirdness & Mutations

((You are very nimble when in or above water. (Stealth+, EV+, Speed+++)))
Your lower body shifts to a powerful aquatic tail in water.


Message History

A giant cockroach comes into view.
The jackal bites you but does no damage.
The jackal barely misses you.
You see here a scroll labelled NOKHLA HEGITO.
You hit the jackal but do no damage. The jackal misses you. x2
The goblin hits you with a +0 club. The jackal bites you.
The jackal misses you.
You barely miss the jackal. The goblin closely misses you.
The jackal bites you but does no damage.
The jackal bites you.
You hit the goblin.
The goblin is poisoned.
The goblin is heavily wounded.
The jackal bites you but does no damage. x2
The goblin hits you with a +0 club. The jackal barely misses you.
The jackal misses you.
You hit the jackal.
The jackal is poisoned.
The jackal is almost dead.
The goblin hits you with a +0 club. The jackal misses you.
The jackal barely misses you. The goblin hits you with a +0 club.
You hit the jackal.
The jackal is moderately wounded.
You kill the goblin!
You kill the jackal!
The jackal closely misses you.
The jackal bites you but does no damage.
The jackal closely misses you.
You hit the kobold.
The kobold is poisoned.
The kobold is heavily wounded.
The jackal bites you but does no damage.
The jackal closely misses you. The kobold hits you with a +0 whip.
* * * LOW HITPOINT WARNING * * *
The jackal bites you.
* * * LOW HITPOINT WARNING * * *
You barely miss the jackal. The jackal closely misses you.
The jackal barely misses you. The jackal closely misses you.
The kobold hits you but does no damage.
You closely miss the jackal.
The jackal is lightly wounded.
You kill the kobold!
The jackal bites you.
You die...

####.... #.......
........ .## .......⌠
.... ......⌠> .... ###
.......⌠ # #.h ### ...#
........ #$##.##)## ...#
........ [.....Bh@#....#
#....... #......h##....#
#####....
#......g#.....###...####.
..........# ##.......##'
..#...#...####.........#.
. #...#†#....#.........'.
##$##......#.........#.
..###..####.##.......##'
...........l..###...###..


You could see 2 jackals, a giant cockroach and a goblin.

Vanquished Creatures
  A dart slug (D:1)
  4 bats (D:1)
  An endoplasm (D:1)
  A giant cockroach (D:1)
  3 goblins (D:1)
  A jackal (D:1)
  A kobold (D:1)
  A quokka (D:1)
  4 frilled lizards (D:1)
  A rat (D:1)
18 creatures vanquished.

Notes
Turn   | Place    | Note
-------+----------+-------------------------------------------
     0 | D:1      | monsoonserge the Merfolk Gladiator began the quest for the
                  | Orb.
     0 | D:1      | Reached XP level 1. HP: 16/16 MP: 1/1
   216 | D:1      | Reached XP level 2. HP: 22/22 MP: 2/2
   302 | D:1      | HP: 1/23 [jackal (3)]
   304 | D:1      | Slain by a jackal

Illustrated notes

Levels and vault maps discovered:
D:1:      dpeg_arrival_three_bigger_balls, layout_basic, palyth_stone_intersect,
          grunt_decor_arrowhead, minmay_three_crescents

Skill      XL: |  1 |
---------------+----+-----
Long Blades    | 4 |  4.0
Fighting       | |  2.3
Polearms       | |  0.3
Throwing       | |  2.0
Dodging        | |  4.7

Action                     || total
---------------------------++-------
  Melee: Long sword        ||    20
         Spear             ||    26
         Punch             ||     2
 Armour: Ring mail         ||    19
         Leather armour    ||     3
  Dodge: Dodged            ||    45
